 Dungeon Crawl Stone Soup version 0.24.0-13-gcf9b319 (webtiles) character file.

Game seed: 3198569617085916493, levelgen mode: deterministic

8156 Fang the Fighter (level 11, -2/108 HPs)
             Began as a Gargoyle Berserker on Nov 24, 2019.
             Was a High Priest of Trog.
             Slain by a warg (4 damage)
             ... on level 10 of the Dungeon.
             The game lasted 00:09:32 (10141 turns).

Fang the Fighter (Gargoyle Berserker)              Turns: 10141, Time: 00:09:33

Health: -2/108     AC: 21    Str: 29    XL:     11   Next: 26%
Magic:  11/11      EV: 12    Int:  8    God:    Trog [*****.]
Gold:   710        SH:  0    Dex:  9    Spells: 10/10 levels left

rFire    + . .     SeeInvis .   a - +2 war axe
rCold    . . .     Gourm    .   (no shield)
rNeg     + . .     Faith    .   b - +0 chain mail
rPois    ∞         Spirit   .   u - +1 helmet
rElec    +         Reflect  .   (no cloak)
rCorr    .         Harm     .   (no gloves)
MR       .....                  (no boots)
Stlth    ..........             i - amulet of rage
HPRegen  0.28/turn              r - ring of flight
MPRegen  0.12/turn              o - ring of protection from fire

@: berserking, very quick
A: negative energy resistance 1, electricity resistance, unbreathing,
petrification resistance, rot immunity, AC +8
a: Berserk, Trog's Hand, Brothers in Arms, Renounce Religion, Evoke Berserk
Rage, Evoke Flight


You were on level 10 of the Dungeon.
You worshipped Trog.
Trog was extremely pleased with you.
You were hungry.

You visited 2 branches of the dungeon, and saw 11 of its levels.

You collected 752 gold pieces.
You spent 42 gold pieces at shops.

Inventory:

Hand Weapons
 a - a +2 war axe (weapon)
Armour
 b - a +0 chain mail (worn)
 u - a +1 helmet (worn)
Jewellery
 i - an amulet of rage (around neck)
 o - a ring of protection from fire (right hand)
 r - a ring of flight (left hand)
Wands
 h - a wand of iceblast (18)
 n - a wand of polymorph (10)
 s - a wand of digging (11)
 t - a wand of flame (30)
 w - a wand of paralysis (15)
 E - a wand of enslavement (11)
Scrolls
 e - a scroll of teleportation
 g - 6 scrolls of remove curse
 j - 3 scrolls of blinking
 q - 3 scrolls of fog
 y - a scroll of magic mapping
 F - a scroll of enchant weapon
 G - a scroll of enchant armour {unknown}
 H - a scroll of torment {unknown}
Potions
 f - 6 potions of haste
 k - 3 potions of flight
 l - 3 potions of agility
 m - a potion of invisibility
 p - 7 potions of curing
 v - 2 potions of might
 x - 4 potions of ambrosia
 z - 2 potions of berserk rage {unknown}
 A - 2 potions of cancellation {unknown}
 B - 3 potions of lignification {unknown}
 C - 2 potions of degeneration {unknown}
 D - a potion of brilliance {unknown}
Comestibles
 c - 25 rations


   Skills:
 + Level 10.0 Fighting
 + Level 8.4 Axes
 + Level 9.6 Armour
 + Level 7.4 Dodging


You had 10 spell levels left.
You didn't know any spells.
Your spell library was empty.

Dungeon Overview and Level Annotations

Branches:
Dungeon (10/15)            Temple (1/1) D:4             Orc (0/2) D:10
   Lair: D:8-11

Altars:
Ashenzari
Gozag
Makhleb
Nemelex Xobeh
Qazlal
Ru
Trog
Uskayaw
Vehumet
Wu Jian
Xom
Yredelemnul
Zin
The Shining One

Shops:
D:4 ((?(

Annotations:
D:10 2 transporters, Lirhec's ghost, novice DrCj


Innate Abilities, Weirdness & Mutations

You are resistant to torment.
Your stone body is resilient. (AC +8)
You are immune to poison.
You resist negative energy. (rN+)
You are resistant to electric shocks. (rElec)
You can survive without breathing.
You are immune to petrification.
You are immune to rotting.


Message History

The orc warrior hits you with a +0 war axe.
* * * LOW HITPOINT WARNING * * *
You slash the orc warrior!
You kill the orc warrior!
Trog accepts your kill.
The orc warrior hits you from afar with a +0 glaive!
* * * LOW HITPOINT WARNING * * *
You slice the orc priest!!
You kill the orc priest!
Trog accepts your kill.
You slash the warg!
The warg is heavily wounded.
The orc warrior hits you but does no damage.
The warg closely misses you.
You hit the warg but do no damage.
The warg is heavily wounded.
You closely miss the warg.
The warg is heavily wounded.
The warg bites you.
You die...

#.###...8.+ +.8..#. #.##
# #.# ##....#
##....#####..##### #.#
###...#
#......#.......... #.#
##........##..###...#####
#.# #+##########.####.##
##.### ........##...# #.#
..... ..####.......# #.#
#...## ##..##.8....###.#
.... +.??h@......>##.#
#..# ##.o##.8....###.# #
#>.# ## #.......# #.#
###..##### ....##...# ...
.........#+##########.##
###..##.##...... ..#
.......##...#### ...#
.....##..()##..##....#
...#.#....)).........#


You could see a warg and an orc warrior.

Vanquished Creatures
  Pikel (D:8)
  Psyche (D:8)
  Prince Ribbit (D:8)
  A hornet (D:10)
  A hippogriff (D:7)
  Grinder (D:4)
  Eustachio (D:4)
  4 yaks (D:8)
  Grum (D:10)
  A hungry ghost (D:10)
  3 ice beasts (D:7)
  2 black bears
  A sky beast (D:5)
  4 orc warriors
  5 phantoms
  A necrophage (D:6)
  6 ogres
  2 wolves (D:10)
  5 centaurs
  6 bullfrogs
  3 big kobolds
  A wyvern zombie (D:8)
  A wyvern skeleton (D:10)
  2 scorpions
  4 killer bees (D:9)
  8 crimson imps
  2 centaur zombies
  7 hounds
  4 jellies
  4 orc priests
  14 orc wizards
  3 iguanas
  Ijyb (D:2)
  Natasha (thrice) (D:2)
  6 worker ants
  A hound zombie (D:8)
  A hound skeleton (D:6)
  Robin (D:3)
  5 adders
  4 shadow imps
  2 oozes
  3 adder zombies
  4 worms
  5 dart slugs
  4 leopard geckos
  46 orcs
  6 bats
  4 giant cockroaches
  12 hobgoblins
  9 jackals
  18 kobolds
  3 quokkas
  6 frilled lizards
  23 goblins
  2 leopard gecko zombies (D:6)
  A quokka skeleton (D:7)
  3 quokka zombies
  6 rats
280 creatures vanquished.

Notes
Turn   | Place    | Note
-------+----------+-------------------------------------------
     0 | D:1      | Fang the Gargoyle Berserker began the quest for the Orb.
     0 | D:1      | Reached XP level 1. HP: 14/14 MP: 1/1
   160 | D:1      | Reached XP level 2. HP: 4/19 MP: 2/2
   967 | D:1      | Reached XP level 3. HP: 21/23 MP: 3/3
  1090 | D:2      | Noticed Natasha
  1100 | D:2      | Killed Natasha
  1500 | D:2      | Reached XP level 4. HP: 29/29 MP: 4/4
  1552 | D:2      | Noticed Ijyb
  1558 | D:2      | Reached ** piety under Trog
  1564 | D:2      | Reached skill level 4 in Fighting
  1573 | D:2      | Killed Ijyb
  1853 | D:2      | Found a sparkling altar of Nemelex Xobeh.
  1862 | D:2      | Noticed Natasha
  1874 | D:2      | Killed Natasha
  1874 | D:2      | Reached XP level 5. HP: 23/33 MP: 5/5
  2239 | D:2      | Noticed Natasha
  2257 | D:2      | Killed Natasha
  2880 | D:3      | Reached *** piety under Trog
  2909 | D:3      | Noticed Robin
  2920 | D:3      | Killed Robin
  2920 | D:3      | Reached XP level 6. HP: 26/39 MP: 6/6
  3675 | D:4      | Found Xiylluor's Weapon Boutique.
  3700 | D:4      | Bought a +0 war axe for 42 gold pieces
  3708 | D:4      | Found Paupi's Weapon Emporium.
  3755 | D:4      | Found Ymmul's Magic Scroll Emporium.
  3812 | D:4      | Found a bloodstained altar of Trog.
  3924 | D:4      | Noticed Eustachio
  3927 | D:4      | Noticed Grinder
  3939 | D:4      | Killed Grinder
  3939 | D:4      | Reached skill level 5 in Fighting
  3939 | D:4      | Reached XP level 7. HP: 44/44 MP: 7/7
  3949 | D:4      | Killed Eustachio
  4013 | D:4      | Reached skill level 5 in Armour
  4059 | D:4      | Found a stormy altar of Qazlal.
  4159 | D:4      | Found a staircase to the Ecumenical Temple.
  4169 | Temple   | Entered the Ecumenical Temple
  4196 | D:4      | Reached **** piety under Trog
  4210 | D:4      | Reached XP level 8. HP: 39/51 MP: 8/8
  4258 | D:4      | Reached skill level 6 in Fighting
  4263 | D:4      | Reached skill level 5 in Axes
  4655 | D:4      | Found a hide-covered altar of Uskayaw.
  4810 | D:4      | Found Qiges's Antique Weapon Shop.
  4878 | D:5      | Entered Level 5 of the Dungeon
  5314 | D:5      | Found an opulent altar of Gozag.
  5603 | D:5      | Reached XP level 9. HP: 56/56 MP: 9/9
  5635 | D:5      | Reached skill level 7 in Fighting
  5635 | D:5      | Reached skill level 5 in Dodging
  5953 | D:6      | Found a shattered altar of Ashenzari.
  6141 | D:6      | Found an ornate altar of the Wu Jian Council.
  6141 | D:6      | Found a glowing silver altar of Zin.
  6668 | D:6      | Reached ***** piety under Trog
  6692 | D:6      | Found a basalt altar of Yredelemnul.
  6931 | D:7      | Received a gift from Trog
  7131 | D:7      | Reached skill level 8 in Fighting
  7361 | D:7      | Reached XP level 10. HP: 64/64 MP: 10/10
  7465 | D:7      | Found a sparkling altar of Nemelex Xobeh.
  7851 | D:8      | Received a gift from Trog
  7936 | D:8      | Reached skill level 9 in Fighting
  8136 | D:8      | Noticed Pikel
  8148 | D:8      | Killed Pikel
  8342 | D:8      | Noticed Prince Ribbit
  8353 | D:8      | Killed Prince Ribbit
  8559 | D:8      | Noticed Psyche
  8570 | D:8      | Killed Psyche
  8763 | D:9      | Reached XP level 11. HP: 71/71 MP: 11/11
  8766 | D:9      | Found a hide-covered altar of Uskayaw.
  8766 | D:9      | Found a glowing golden altar of the Shining One.
  8767 | D:9      | Found a sacrificial altar of Ru.
  8795 | D:9      | Found a burning altar of Makhleb.
  9526 | D:10     | Entered Level 10 of the Dungeon
  9747 | D:10     | Noticed a two-headed ogre
  9748 | D:10     | Found a transporter.
  9748 | D:10     | Noticed Lirhec's ghost (novice DrCj)
  9748 | D:10     | Noticed a two-headed ogre
  9749 | D:10     | Found a transporter.
  9750 | D:10     | Identified the +5 great mace of the Wheel {flame, *Rage
                  | Fragile +Inv rC+++}
  9750 | D:10     | Noticed a two-headed ogre
  9778 | D:10     | Paralysed by fainting for 8 turns
  9877 | D:10     | Noticed Grum
  9906 | D:10     | Killed Grum
  9906 | D:10     | Reached skill level 10 in Fighting
 10103 | D:10     | Found a staircase to the Orcish Mines.
 10137 | D:10     | HP: 1/108 [orc warrior/+0 glaive (12)]
 10141 | D:10     | Slain by a warg

Levels and vault maps discovered:
D:1:      ebering_hopf_link, layout_loops_ring
D:2:      kennysheep_the_goblin_king, layout_basic,
          nicolae_overflow_crystal_walls, hex_large, uniq_natasha
D:3:      layout_basic, uniq_robin
D:4:      layout_basic, old_standard_altar, kennysheep_little_box, temple_green,
          serial_shops, nicolae_shop_trees, kennysheep_mini_moat,
          nicolae_shop_waterfront, shop, minmay_ruined_shrine, uniq_eustachio,
          uniq_grinder
D:5:      layout_gridville, kennysheep_mini, first_ration, chequers_arboretum,
          grunt_decor_cap, kennysheep_generic_room_3
D:6:      layout_basic, lemuel_round_altar, nicolae_ashenzari_panopticon,
          gammafunk_temple_overflow_elements
D:7:      layout_basic, basic_altar
D:8:      layout_basic, blue_anna_alchemist [blue_anna_fruit_fields,
          blue_anna_fruit_fields], uniq_prince_ribbit1, uniq_psyche, uniq_pikel
D:9:      layout_loops_ring, gammafunk_temple_overflow_forgotten, bloody_makhleb
D:10:     layout_loops_ring, david_orc_1_choice, gammafunk_ghost_smash,
          chequers_serial_rivers_micro_d, uniq_harold, uniq_grum
Temple:   chequers_temple_sunken

Skill      XL: |  1  2  3  4  5  6  7  8  9 10 11 |
---------------+----------------------------------+-----
Axes           | 3 4 5 6 8 |  8.4
Dodging        | 2 3 4 5 7 |  7.4
Armour         | 3 4 5 6 7 9 |  9.6
Fighting       | 4 5 6 8 9 10 | 10.0

Action                   |  1- 3 |  4- 6 |  7- 9 | 10-12 || total
-------------------------+-------+-------+-------+-------++-------
Melee: Hand axe          |    78 |   235 |       |       ||   313
       Unarmed           |       |    10 |       |       ||    10
       War axe           |       |    38 |   375 |   404 ||   817
Invok: Berserk           |     1 |     6 |     4 |     3 ||    14
       Trog's Hand       |       |     1 |     1 |       ||     2
  Use: Scroll            |       |       |    14 |     2 ||    16
  Eat: Chunk             |     3 |    10 |    17 |    11 ||    41
       Ration            |       |     1 |       |     1 ||     2
Armor: Animal skin       |    41 |    14 |       |       ||    55
       Skin              |       |     2 |       |       ||     2
       Chain mail        |       |   210 |   290 |   301 ||   801
Dodge: Dodged            |    81 |   183 |   224 |   260 ||   748
